Map: Station Proxima EC

Players

zidar

  • Race: Zerg Zerg
  • League: Gold
  • Spawn Location: 1:00

bamboleo - Winner!

  • Race: Zerg Zerg
  • League: Gold
  • Spawn Location: 7:00

VOD

Have the link to the VOD?

Description

Time

  • Played on: July 7, 2017, 3:07 p.m.
  • Length: 8:14
Show
View Real Time Build Order
Export as new Build Order

zidar Zerg 

Build Orders: 1 Base Baneling Bust, Pool First, Zergling Baneling 

Get SALT Encoding   

  12  0:01  Drone  
  13  0:08  Drone  
  14  0:17  Extractor, Drone  
  14  0:35  Spawning Pool  
  13  0:38  Drone  
  14  0:47  Overlord  
  14  0:57  Overlord  
  14  1:23  Queen, Zergling x2  
  14  1:25  Zergling x2  
  18  1:26  Zergling x2  
  19  1:35  Metabolic Boost  
  19  1:45  Zergling x2  
  19  1:46  Zergling x2  
  21  1:56  Zergling x2  
  22  2:08  Zergling x2  
  23  2:20  Baneling Nest  
  23  2:21  Zergling x2  
  23  2:29  Zergling x2  
  25  2:44  Zergling x6  
  27  2:53  Drone  
  28  3:07  Baneling x4  
  18  3:53  Zergling x6  
  19  4:09  Hatchery  
  18  4:16  Baneling x2  
  18  4:17  Baneling  
  18  4:18  Baneling  
  18  4:20  Zergling x6  
  21  4:28  Zergling x4  
  21  4:29  Zergling x2  
  24  4:44  Lair  
  24  4:46  Drone  
  24  4:47  Drone  
  26  4:58  Extractor  
  25  5:10  Overlord  
  25  5:11  Drone x2  
  27  5:19  Evolution Chamber  
  26  5:26  Pneumatized Carapace  
  26  5:34  Drone x4  
  30  5:38  Drone  
  31  5:56  Queen  
  25  7:16  Zergling x4  
  25  7:17  Zergling x6  
  30  7:29  Spire  
  29  7:32  Drone x13  
  42  7:37  Drone  
  43  7:56  Extractor  
  42  7:59  Extractor  
  42  8:01  Drone x3  
Show
View Real Time Build Order
Export as new Build Order

bamboleo Zerg - Winner!

Build Orders: Hatch First 

Get SALT Encoding   

  12  0:01  Drone  
  13  0:13  Overlord  
  13  0:17  Drone  
  14  0:31  Drone x2  
  14  0:35  Drone  
  17  0:55  Drone  
  17  0:57  Hatchery  
  17  0:59  Drone  
  17  1:02  Extractor  
  18  1:16  Spawning Pool  
  16  1:19  Drone  
  17  1:29  Drone  
  18  1:40  Drone  
  19  1:51  Overlord  
  19  2:05  Metabolic Boost  
  19  2:08  Zergling x2  
  19  2:10  Zergling x2  
  19  2:11  Queen  
  19  2:12  Queen  
  19  2:13  Drone  
  28  2:22  Drone x2  
  28  2:41  Extractor, Zergling x4  
  29  2:52  Spine Crawler  
  29  2:55  Zergling x8  
  29  2:58  Spine Crawler  
  31  3:03  Zergling x2  
  32  3:16  Drone x3  
  32  3:29  Drone x3  
  31  3:43  Zergling x6  
  31  3:44  Zergling x4  
  31  3:49  Zergling x4  
  32  3:59  Zergling x2  
  32  4:01  Queen  
  35  4:05  Zergling x2  
  35  4:08  Overlord  
  36  4:16  Baneling Nest  
  35  4:25  Queen, Drone  
  35  4:27  Drone  
  35  4:28  Drone  
  40  4:33  Evolution Chamber  
  40  4:38  Drone x3  
  42  4:51  Roach Warren  
  41  4:56  Zergling x2  
  41  4:57  Zergling x2  
  43  5:01  Baneling x2  
  43  5:03  Baneling x2  
  43  5:12  Lair  
  43  5:26  Hatchery  
  42  5:36  Pneumatized Carapace  
  42  5:40  Roach  
  42  5:41  Overlord x2  
  42  5:42  Overlord  
  44  5:50  Baneling x4  
  44  6:03  Drone x3  
  47  6:04  Extractor  
  48  6:11  Roach x3  
  48  6:12  Roach x2  
  56  6:27  Roach x3  
  56  6:28  Roach  
  62  6:57  Roach x2  
  62  6:58  Roach x4  
  74  7:06  Overlord  
  74  7:24  Queen, Evolution Chamber  
  74  7:27  Hydralisk Den  
  74  7:28  Roach  
  76  7:39  Roach x2  
  76  7:42  Drone x2  
  82  7:49  Overlord  
Tags
 
Add a new tag
Caveats
  • Supply blocks, unpowered buildings, or Contaminate may cause inaccurate times.
  • Supply counts are checked every 10 seconds.